 Dungeon Crawl Stone Soup version 0.31-a0-692-gf03d1854d5 (webtiles) character file.

Game seed: 5069454609156693055

8 qw the Shooter (level 2, 0/17 HPs)
             Began as a Gargoyle Hunter on Sept 6, 2023.
             Slain by a jackal (3 damage)
             ... on level 1 of the Dungeon.
             The game lasted 00:00:04 (49 turns).

qw the Shooter (Gargoyle Hunter)                      Turns: 49, Time: 00:00:04

Health: 0/17       AC:  5    Str: 14    XL:     2   Next: 8%
Magic:  2/2        EV: 11    Int:  9    God:
Gold:   0          SH:  0    Dex: 13    Spells: 1/1 levels left

rFire   . . .        a - +0 shortbow
rCold   . . .        (shield currently unavailable)
rNeg    + . .        c - +0 leather armour
rPois   inf          (no helmet)
rElec   +            (no cloak)
rCorr   .            (no gloves)
SInv    .            (no boots)
Will    .....        (no amulet)
Stlth   +            (no ring)
HPRegen 0.22/turn    (no ring)
MPRegen 0.08/turn

%: no passive effects
@: no status effects
A: sickness immunity, AC +2, negative energy resistance 1, electricity
resistance, torment resistance 1, petrification resistance
a: no special abilities


You were on level 1 of the Dungeon.
You visited 1 branch of the dungeon, and saw 1 of its levels.


Innate Abilities, Weirdness & Mutations

You are immune to sickness and miasma.
Your stone body is resilient. (AC +2)
You are immune to poison.
You resist negative energy. (rN+)
You are resistant to electric shocks. (rElec)
You are resistant to unholy torment.
You are immune to petrification.


   Skills:
 - Level 2.1 Fighting
 + Level 4.4 Ranged Weapons
 - Level 1.5 Dodging
 - Level 1.1 Stealth


You had one spell level left.
You didn't know any spells.
Your spell library was empty.

Inventory:

Hand Weapons
 a - a +0 shortbow (weapon)
Armour
 c - a +0 leather armour (worn)
Scrolls
 b - a scroll of butterflies

Dungeon Overview and Level Annotations

Branches:
Dungeon (1/15)

Altars:


Message History

The arrow hits the jackal but does no damage.
The jackal barely misses you. The jackal misses you.
The jackal closely misses you. x2
You shoot an arrow. The arrow hits the jackal.
The jackal is heavily wounded.
The jackal completely misses you.
The jackal bites you but does no damage.
The jackal bites you. The jackal barely misses you.
You shoot an arrow. The arrow hits the jackal!
You kill the jackal!
The jackal misses you. The jackal bites you. x2
You shoot an arrow. The arrow closely misses the jackal.
A ball python comes into view.
The jackal bites you but does no damage. x2
The ball python evades a web.
The jackal bites you.
You shoot an arrow. The arrow hits the jackal.
The jackal is heavily wounded.
The jackal closely misses you. The jackal barely misses you.
The jackal bites you but does no damage.
You shoot an arrow. The arrow hits the jackal.
You kill the jackal!
The jackal bites you but does no damage.
The jackal bites you.
You have reached level 2!
You shoot an arrow. The arrow hits the jackal!
You kill the jackal!
You shoot an arrow. The arrow hits the jackal.
The jackal is moderately wounded.
The jackal bites you but does no damage.
The jackal barely misses you.
You shoot an arrow. The arrow closely misses the jackal.
The arrow hits the jackal but does no damage.
The jackal bites you but does no damage.
A kobold comes into view. It is wielding a +0 whip.
The jackal bites you.
You shoot an arrow. The arrow closely misses the jackal.
The arrow hits the jackal.
The jackal is almost dead.
The jackal bites you.
You die...

#. . #### .#.# .
K# #P_.#.#.#.#
..^. .^^.^h^...
# .... .......
#...... .h..
#.......###.##
#...#..hh@%..#
##....#####%.###
#..........%...#
.#####.######.#
####....###.#
#.........# #
#.........#
##..^......#
#.8....#.###


You could see 2 jackals and a kobold.

Vanquished Creatures
  6 jackals (D:1)
6 creatures vanquished.

Notes
Turn   | Place    | Note
-------+----------+-------------------------------------------
     0 | D:1      | qw the Gargoyle Hunter began the quest for the Orb.
     0 | D:1      | Reached XP level 1. HP: 12/12 MP: 1/1
     0 | D:1      | 0 ||| qw: Version: 0.3-a-76-g4403597
     0 | D:1      | 0 ||| qw: Game counter: 320
     0 | D:1      | 0 ||| qw: Melee chars always use a shield: true
     0 | D:1      | 0 ||| qw: God list: Okawaru
     0 | D:1      | 0 ||| qw: Allow faded altars: false
     0 | D:1      | 0 ||| qw: Do Orc after clearing Dungeon:15 true
     0 | D:1      | 0 ||| qw: Do second Lair branch before Depths: true
     0 | D:1      | 0 ||| qw: Lair rune preference: random
     0 | D:1      | 0 ||| qw: Goals: Normal
     0 | D:1      | 0 ||| PLANNING D:1-11
    26 | D:1      | Found a faded altar of an unknown god.
    35 | D:1      | 35 ||| Stepping ~*~*~tactically~*~*~ (retreating).
    36 | D:1      | 36 ||| Stepping ~*~*~tactically~*~*~ (retreating).
    43 | D:1      | HP: 3/12 [jackal (2)]
    46 | D:1      | Reached XP level 2. HP: 3/17 MP: 2/2
    48 | D:1      | HP: 3/17 [jackal (1)]
    49 | D:1      | Slain by a jackal

Levels and vault maps discovered:
D:1:      mrwooster_arrival_statue, layout_basic,
          shapermc_ecumenical_altar_rom_forum

Action                     || total
---------------------------++-------
   Fire: Shortbow          ||    28
 Armour: Leather armour    ||    17
  Dodge: Dodged            ||    23

Table legend:
 A = Non-vault XP
 B = Vault XP
 C = Vault XP percentage of total XP
 D = Non-vault monster count
 E = Vault monster count
 F = Vault count percentage of total count
                 A         B        C        D         E       F
            +---------+---------+-------+---------+---------+-------
      Total |      12 |       0 |   0.0 |       6 |       0 |   0.0
            +---------+---------+-------+---------+---------+-------
        D:1 |      12 |       0 |   0.0 |       6 |       0 |   0.0
            +---------+---------+-------+---------+---------+-------
